 Dungeon Crawl Stone Soup version 0.16-a0-2939-g3ffa1c3 (webtiles) character file.

116 RobertPalmer the Vexing (level 4, 0/24 HPs)
             Began as a Deep Elf Enchanter on Dec 3, 2014.
             Slain by an orc priest
             ... wielding a +4 short sword
              (7 damage)
             ... on level 3 of the Dungeon.
             The game lasted 00:05:35 (3105 turns).

RobertPalmer the Vexing (Deep Elf Enchanter)        Turns: 3105, Time: 00:05:35

Health: 0/24       AC:  3    Str:  5    XL:     4   Next: 70%
Magic:  7/14       EV: 13    Int: 20    God:
Gold:   116        SH:  0    Dex: 16    Spells: 4 memorised, 1 level left

rFire  + . .     SeeInvis .     a - +4 short sword
rCold  . . .     Clarity  .     b - +1 robe
rNeg   . . .     SustAb   .     (no shield)
rPois  .         Gourm    .     (no helmet)
rElec  .         Spirit   .     (no cloak)
rCorr  .         Warding  .     (no gloves)
rMut   .         Stasis   .     (no boots)
MR     .....                    (no amulet)
Stlth  +++.......               (no ring)
                                o - ring of protection from fire

@: not resistant to hostile enchantments, fairly stealthy
A: no striking features
a: no special abilities


You were on level 3 of the Dungeon.
You were very hungry.

You visited 1 branch of the dungeon, and saw 3 of its levels.

You collected 116 gold pieces.


   Skills:
 - Level 1.0 Short Blades
 - Level 2.4 Dodging
 - Level 3.6 Stealth
 - Level 3.5 Spellcasting
 + Level 7.0 Hexes


You had one spell level left.
You knew the following spells:

 Your Spells              Type           Power        Failure   Level  Hunger
c - Dazzling Spray        Conj/Hex       ###.....     12%         3    ###....
x - Confuse               Hex            ####....     2%          3    ###....
z - Ensorcelled Hibernat  Hex/Ice        ###...       6%          2    ##.....
Z - Corona                Hex            ####...      1%          1    None

Inventory:

Hand weapons
 a - a +4 short sword (weapon)
Armour
 b - a +1 robe (worn)
Jewellery
 o - a ring of protection from fire (left hand)
Scrolls
 e - a scroll of enchant armour {unknown}
 i - 5 scrolls of identify
 j - 3 scrolls of teleportation {unknown}
 k - 2 scrolls of enchant weapon {unknown}
 n - a scroll of remove curse {unknown}
 r - a scroll of immolation {unknown}
Potions
 d - a potion of heal wounds {unknown}
 g - a potion of restore abilities {unknown}
 h - a potion of invisibility {unknown}
 l - a potion of might {unknown}
 m - 2 potions of curing {unknown}
 p - 2 potions of brilliance {unknown}
 q - a potion of resistance {unknown}
Books
 c - a book of Maledictions
Comestibles
 f - 5 fruits
 s - a bread ration

Dungeon Overview and Level Annotations

Branches:
Dungeon (3/15)

Altars:

....(..# #......... ###....#
####.##.## # #....# #....# #
#÷#### ####.# ###.#### #.#
##.....# #.# #......# #.#
#......################# #.#
...............oe).....## #.#
#......#####...o######..######.#
#......#####.... #..........#.#
..............!. #.###.####.#.#
..#########..... # #..# #.# ..#
#.....# ##.# #.# ..#
#........####.###.#.# ..# #...
#...........#.# ..# #
#.#####..####.#


You could see an orc priest and an orc.


Message History

You kill the orc!
You hit the orc.
The orc is heavily wounded.
The orc hits you but does no damage.
You hit the orc but do no damage.
The orc is heavily wounded.
The orc closely misses you.
You puncture the orc!
You kill the orc!
Your Hexes skill increases to level 7!
No target in view!
No target in view!
An orc and an orc priest come into view.
The orc shouts!
The orc priest shouts!
Items here: ))) [[ †
Found a bubbling orange potion.
You hit the orc but do no damage. The orc misses you.
The orc priest calls down the wrath of Beogh upon you.
Something smites you!
* * * LOW HITPOINT WARNING * * *
Aiming: Ensorcelled Hibernation
Aim: an orc priest, wielding an enchanted short sword The orc priest resists with some effort.
The orc hits you with a mace.
* * * LOW HITPOINT WARNING * * *
Aiming: Confuse
Aim: an orc priest, wielding an enchanted short sword The orc priest resists with significant effort.
The orc priest hits you with an enchanted short sword!
You die...

Action                   |  1- 3 |  4- 6 || total
-------------------------+-------+-------++-------
Melee: Dagger            |   159 |       ||   159
       Short sword       |    13 |    59 ||    72
 Cast: Corona            |     4 |       ||     4
       Ensorcelled Hiber |     4 |    10 ||    14
       Confuse           |     3 |     6 ||     9
  Use: Scroll            |     3 |       ||     3
 Stab: Sleeping          |    10 |     4 ||    14
  Eat: Chunk             |     5 |     2 ||     7

Vault maps used:
D:1:      roderic_octagonal_star, st_stairs_14
D:3:      minmay_misc_feat_pillars, minmay_misc_feat_encased, st_stairs_12

Notes
Turn   | Place    | Note
--------------------------------------------------------------
     0 | D:1      | RobertPalmer, the Deep Elf Enchanter, began the quest for the Orb.
     0 | D:1      | Reached XP level 1. HP: 10/10 MP: 5/5
   356 | D:1      | Reached XP level 2. HP: 13/15 MP: 8/8
   429 | D:1      | Reached skill level 5 in Hexes
   677 | D:1      | Learned a level 2 spell: Ensorcelled Hibernation
  1024 | D:2      | Reached XP level 3. HP: 10/19 MP: 11/11
  1744 | D:2      | Learned a level 3 spell: Confuse
  1751 | D:2      | Learned a level 3 spell: Dazzling Spray
  2224 | D:3      | Reached skill level 6 in Hexes
  2441 | D:3      | Reached XP level 4. HP: 24/24 MP: 8/14
  3100 | D:3      | Reached skill level 7 in Hexes
  3105 | D:3      | Slain by an orc priest

Vanquished Creatures
  4 adders
  A worm (D:3)
  3 giant geckos
  4 orcs (D:3)
  2 ball pythons
  A giant cockroach (D:1)
  7 goblins
  10 hobgoblins
  6 jackals
  12 kobolds
  A quokka (D:3)
  9 bats
  7 giant newts
  4 rats
71 creatures vanquished.
